 Dungeon Crawl Stone Soup version 0.31-a0-1074-g0b22e4e0f1 (webtiles) character file.

Game seed: 15741956198814643221

114 wildpjah the Trooper (level 4, -3/42 HPs)
             Began as a Minotaur Fighter on Nov 27, 2023.
             Slain by a gnoll
             ... wielding a +0 halberd
              (12 damage)
             ... on level 3 of the Dungeon.
             The game lasted 00:02:58 (1224 turns).

wildpjah the Trooper (Minotaur Fighter)             Turns: 1224, Time: 00:02:59

Health: -3/42      AC:  7    Str: 23    XL:     4   Next: 66%
Magic:  3/3        EV:  9    Int:  5    God:
Gold:   71         SH:  4    Dex:  9    Spells: 3/3 levels left

rFire   . . .        a - +0 war axe
rCold   . . .        c - +0 buckler
rNeg    . . .        b - +0 scale mail
rPois   .            (helmet restricted)
rElec   .            (no cloak)
rCorr   .            (no gloves)
SInv    .            (no boots)
Will    .....        (no amulet) Stlth
                     (no ring)
HPRegen 0.27/turn    (no ring)
MPRegen 0.08/turn

%: no passive effects
@: no status effects
A: horns 2, retaliatory headbutt
a: no special abilities


You were on level 3 of the Dungeon.
You visited 1 branch of the dungeon, and saw 3 of its levels.

You collected 71 gold pieces.

Inventory:

Hand Weapons
 a - a +0 war axe (weapon)
Armour
 b - a +0 scale mail (worn)
 c - a +0 buckler (worn)
Scrolls
 e - a scroll of vulnerability {unknown}
 f - a scroll of identify {unknown}
 g - a scroll of amnesia {unknown}
 h - 3 scrolls of teleportation {unknown}
 i - 2 scrolls of revelation {unknown}
 j - a scroll of fog {unknown}
Potions
 d - a potion of might


   Skills:
 + Level 5.0 Fighting
 + Level 3.5 Axes
 + Level 4.5 Armour
 + Level 0.1 Stealth
 + Level 4.1 Shields


You had 3 spell levels left.
You didn't know any spells.
Your spell library contained the following spells:

 Spells                   Type           Power      Damage    Failure   Level
 Ensorcelled Hibernation  Hex/Ice        0%         N/A       93%         2
 Jinxbite                 Hex            0%         N/A       93%         2
 Dazzling Flash           Conj/Hex       0%         N/A       99%         3
 Frozen Ramparts          Ice            0%         1d1       99%         3
 Anguish                  Hex/Necr       0%         N/A       100%        4
 Petrify                  Tmut/Erth      0%         N/A       100%        4
 Agony                    Necr           0%         N/A       100%        5
 Metabolic Englaciation   Hex/Ice        0%         N/A       100%        5
 Silence                  Hex/Air        0%         N/A       100%        5


Dungeon Overview and Level Annotations

Branches:
Dungeon (3/15)

Altars:
Gozag


Innate Abilities, Weirdness & Mutations

You have a pair of horns on your head.
You reflexively headbutt those who attack you in melee.


Message History

You kill the jackal!
Things that are here:
a +0 club; a +0 flail; a jackal corpse HP restored.
A gnoll comes into view. It is wielding a +0 spear.
The gnoll shouts!
You hear a shout!
The gnoll moves out of view.
A gnoll is nearby!
A gnoll is nearby!
A gnoll comes into view. It is wielding a +0 halberd.
The gnoll shouts!
You block the gnoll's attack. The gnoll hits you but does no damage.
You slash the gnoll!
The gnoll is severely wounded.
The gnoll hits you from afar with a +0 halberd!
The gnoll hits you with a +0 spear. You block the gnoll's attack.
You barely miss the gnoll.
The gnoll is severely wounded.
The gnoll barely misses you.
An orc comes into view. It is wielding a +0 mace.
The gnoll barely misses you.
You closely miss the gnoll.
The gnoll is severely wounded.
The orc shouts!
The gnoll hits you from afar with a +0 halberd.
The gnoll hits you but does no damage.
You barely miss the gnoll.
The gnoll is severely wounded.
The gnoll hits you from afar with a +0 halberd.
The gnoll hits you with a +0 spear. The gnoll closely misses you.
The gnoll hits you from afar with a +0 halberd.
You are too injured to fight recklessly!
You slash the gnoll!
You kill the gnoll!
The gnoll hits you from afar with a +0 halberd!
* * * LOW HITPOINT WARNING * * *
Your Fighting skill increases to level 5!
The orc closely misses you. The gnoll hits you with a +0 halberd!
You die...

#.. #.# #.# ### # #.#
#.. . #.# #.# .# #.#
#.# .# ....
#.####.###.##..#.
#.#.).o.........
#....@g........#
###.##.<.####..#
#.##.....##..#
##.##.#.#.##..#
#........>....#
#..##.#.#.##.##
#..##.....##†#
#..####.####.######.#
#..## #.# #.........


You could see a gnoll and an orc.

Vanquished Creatures
  Robin (D:2)
  3 gnolls (D:3)
  2 adders
  4 endoplasms
  2 giant cockroaches (D:2)
  15 goblins
  5 hobgoblins
  2 jackals (D:3)
  6 kobolds
  A quokka (D:1)
  2 bats (D:1)
  6 frilled lizards
  4 rats
53 creatures vanquished.

Notes
Turn   | Place    | Note
-------+----------+-------------------------------------------
     0 | D:1      | wildpjah the Minotaur Fighter began the quest for the Orb.
     0 | D:1      | Reached XP level 1. HP: 19/19 MP: 0/0
   207 | D:1      | Reached XP level 2. HP: 27/27 MP: 1/1
   544 | D:1      | Reached skill level 4 in Fighting
   840 | D:2      | Found an opulent altar of Gozag.
   853 | D:2      | Reached XP level 3. HP: 33/33 MP: 2/2
   859 | D:2      | Noticed Robin
   871 | D:2      | Killed Robin
   935 | D:2      | Reached XP level 4. HP: 38/41 MP: 3/3
  1224 | D:3      | Reached skill level 5 in Fighting
  1224 | D:3      | Slain by a gnoll

Illustrated notes

Levels and vault maps discovered:
D:1:      minmay_arrival_jagged, layout_basic
D:2:      layout_rooms, basic_altar, uniq_robin
D:3:      layout_loops_ring, lemuel_crystal_altar,
          ebering_ecumenical_altar_hall, serial_shops, shop_coins, uniq_terence

Skill      XL: |  1  2  3  4 |
---------------+-------------+-----
Armour         | 4 |  4.5
Fighting       | 4 5 |  5.0
Shields        | 4 |  4.1
Axes           | 3 |  3.5
Stealth        | |  0.1

Action                     |  1- 3 |  4- 6 || total
---------------------------+-------+-------++-------
  Melee: War axe           |    56 |    25 ||    81
         Headbutt          |     7 |     3 ||    10
 Armour: Scale mail        |    59 |    20 ||    79
  Dodge: Dodged            |    32 |    14 ||    46
  Block: Buckler           |    19 |    11 ||    30

Table legend: (Time is in decaauts)
 A = Elapsed time spent in this place.
 B = Non-inter-level travel time spent in this place.
 C = Inter-level travel time spent in this place.
 D = Time resting spent in this place.
 E = Time spent auto-exploring this place.
 F = Levels seen in this place.
 G = Mean time per level.
                   A        B        C        D        E       F      G
               +--------+--------+--------+--------+--------+-----+--------+
         Total |   1254 |   1163 |     91 |      0 |    917 |   3 |  418.0 |
       Dungeon |   1254 |   1163 |     91 |      0 |    917 |   3 |  418.0 |
               +--------+--------+--------+--------+--------+-----+--------+

Top non-repeatable levels by time:
     D:1: 682 daAuts
     D:2: 451 daAuts
     D:3: 120 daAuts
